 Dungeon Crawl Stone Soup version 0.27.1-36-g1b1ada6b1e (webtiles) character file.

Game seed: 10564647643307965428

341 KleinerIrrer the Insei (level 6, -7/38 HPs)
             Began as an Octopode Transmuter on Feb 17, 2023.
             Mangled by an iguana (9 damage)
             ... on level 4 of the Dungeon.
             The game lasted 00:04:19 (3145 turns).

KleinerIrrer the Insei (Octopode Transmuter)        Turns: 3145, Time: 00:04:20

Health: -7/38      AC:  1    Str: 11    XL:     6   Next: 56%
Magic:  7/9        EV: 13    Int: 16    God:
Gold:   119        SH:  0    Dex: 12    Spells: 8/9 levels left

rFire    + . .     SeeInvis .     - Unarmed
rCold    + + .     Faith    .   (no shield)
rNeg     . . .     Spirit   .   (helmet currently unavailable)
rPois    +         Reflect  .   (no amulet)
rElec    +         Harm     .   e - ring of flight
rCorr    +         Rampage  .   f - ring of protection from cold
Will     .....                  (no ring)
Stlth    ++++......             (no ring)
HPRegen  0.12/turn              (no ring)
MPRegen  0.11/turn              (no ring)
                                (no ring)
                                (no ring)

@: appendages (expiring), resistant, flying, very slightly contaminated
A: tentacle spike 3, almost no armour, amphibious, 8 rings, camouflage 1,
gelatinous body 1, (nimble swimmer 1), tentacles
a: End Transformation


You were on level 4 of the Dungeon.
One of your tentacles had grown a beastly spike.
You visited 1 branch of the dungeon, and saw 4 of its levels.

You collected 119 gold pieces.

Inventory:

Jewellery
 e - a ring of flight (left tentacle)
 f - a ring of protection from cold (right tentacle)
 g - a ring of resist corrosion
Wands
 d - a wand of mindburst (13)
Scrolls
 a - a scroll of vulnerability
 b - a scroll of teleportation
 j - a scroll of enchant weapon {unknown}
 m - a scroll of brand weapon {unknown}
Potions
 c - a potion of attraction
 i - a potion of cancellation {unknown}
 k - a potion of heal wounds {unknown}
 l - a potion of magic {unknown}
 n - a potion of mutation {unknown}
 o - a potion of brilliance {unknown}


   Skills:
 - Level 1.0 Fighting
 - Level 2.0 Dodging
 - Level 4.6 Stealth
 + Level 6.2 Unarmed Combat
 - Level 2.0 Spellcasting
 - Level 2.0 Transmutations


You had 8 spell levels left.
You knew the following spells:

 Your Spells              Type           Power      Damage    Failure   Level
a - Beastly Appendage     Tmut           16%        N/A       9%          1

Your spell library contained the following spells:

 Spells                   Type           Power      Damage    Failure   Level
 Wereblood                Tmut           8%         N/A       14%         2
 Spider Form              Tmut/Pois      2%         N/A       38%         3
 Ice Form                 Ice/Tmut       4%         N/A       80%         4


Dungeon Overview and Level Annotations

Branches:
Dungeon (4/15)
 Temple: D:4-7

Altars:

Shops:
D:2 *


Innate Abilities, Weirdness & Mutations

One of your tentacles has grown a beastly spike.
You cannot wear most types of armour.
You are amphibious.
You can wear up to eight rings at the same time.
Your skin changes colour to match your surroundings (Stealth+).
Your rubbery body absorbs attacks. (AC +1, EV +1)
((You are camouflaged near water. (Stealth+)))
You have tentacles for arms and can constrict up to eight enemies at once.


Message History

The endoplasm closely misses you.
Things that are here:
a +0 hand axe; a +0 flail; 3 boomerangs of dispersal You tentacle-slap the endoplasm.
You squeeze the endoplasm.
You kill the endoplasm!
Things that are here:
a +0 short sword; an orc corpse
o - a smoky sapphire potion
Found a stone staircase leading down.
An iguana comes into view.
The iguana hisses angrily.
The iguana moves out of view.
An iguana is nearby!
Casting: Beastly Appendage (safe; 9% risk of failure)
Confirm with . or Enter, or press ? or * to list all spells.
One of your tentacles grows a vicious spike.
The iguana bites you!
You closely miss the iguana. You grab the iguana. You tentacle-slap the iguana.
The iguana is lightly wounded.
You constrict the iguana, but do no damage.
The iguana bites you!
You are too injured to fight recklessly!
Casting: Beastly Appendage (safe; 9% risk of failure)
Confirm with . or Enter, or press ? or * to list all spells.
You miscast Beastly Appendage.
You are very lightly contaminated with residual magic.
Nothing appears to happen.
You constrict the iguana. The iguana bites you.
You are too injured to fight recklessly!
You are too injured to fight recklessly!
You tentacle-slap the iguana.
You pierce the iguana.
Your squeeze misses the iguana.
The iguana is heavily wounded.
You constrict the iguana. The iguana bites you!
* * * LOW HITPOINT WARNING * * *
You release your grip on the iguana.
Your transformation is almost over.
It was a potion of resistance.
You feel protected. The iguana bites you!
You die...

####### ....... .......
....... ..... ... #.##
#.# #.l# #.#### ##@#
#....# #.# #....# #.#
#....#### #.# #........
#.###....# #..##....#
#### ##.##))..# #...
#######.##.#########...
.......................


You could see an iguana.

Vanquished Creatures
  Menkaure (D:4)
  An ogre (D:4)
  An orc priest (D:4)
  5 adders
  A dart slug (D:2)
  6 orcs
  6 ball pythons
  5 bats
  5 endoplasms
  A giant cockroach (D:3)
  4 goblins
  5 hobgoblins
  3 jackals (D:3)
  2 kobolds
  A quokka (D:2)
  3 frilled lizards
  2 rats
52 creatures vanquished.

Notes
Turn   | Place    | Note
-------+----------+-------------------------------------------
     0 | D:1      | KleinerIrrer the Octopode Transmuter began the quest for
                  | the Orb.
     0 | D:1      | Reached XP level 1. HP: 13/13 MP: 3/3
   339 | D:1      | Reached XP level 2. HP: 18/18 MP: 5/5
   408 | D:1      | Found a faded altar of an unknown god.
   755 | D:2      | Reached skill level 1 in Stealth
   890 | D:2      | Reached XP level 3. HP: 7/23 MP: 6/6
  1148 | D:2      | Reached skill level 4 in Unarmed Combat
  1322 | D:2      | Found Los Laru's Assorted Antiques.
  1846 | D:3      | Reached XP level 4. HP: 14/28 MP: 7/7
  2927 | D:4      | Noticed an ogre
  2932 | D:4      | Killed an ogre
  2933 | D:4      | Reached skill level 5 in Unarmed Combat
  2933 | D:4      | Reached XP level 5. HP: 33/33 MP: 8/8
  2935 | D:4      | Noticed Menkaure
  2946 | D:4      | Killed Menkaure
  2947 | D:4      | Reached skill level 6 in Unarmed Combat
  2947 | D:4      | Reached XP level 6. HP: 38/38 MP: 9/9
  3145 | D:4      | Mangled by an iguana

Illustrated notes

Levels and vault maps discovered:
D:1:      dpeg_arrival_rhombi, layout_loops_ring,
          dreamdust_ecumenical_altar_grove
D:2:      layout_loops_ring, serial_shops, shop
D:3:      layout_rooms
D:4:      layout_basic, chequers_jeans, uniq_ijyb, uniq_blork_the_orc,
          uniq_menkaure, uniq_pikel

Skill      XL: |  1  2  3  4  5 |
---------------+----------------+-----
Stealth        | 1 2 4 |  4.6
Unarmed Combat | 4 5 6 |  6.2
Fighting       | |  1.0
Dodging        | |  2.0
Spellcasting   | |  2.0
Transmutations | |  2.0

Action                   |  1- 3 |  4- 6 || total
-------------------------+-------+-------++-------
Melee: Unarmed           |    58 |    47 ||   105
       Constrict         |    14 |    11 ||    25
       Tentacles         |     4 |     9 ||    13
       Punch             |     3 |     1 ||     4
       Kick              |     2 |     7 ||     9
 Cast: Beastly Appendage |     3 |    11 ||    14
Evoke: Wand              |       |     2 ||     2
  Use: Potion            |     1 |     2 ||     3
       Scroll            |       |     5 ||     5
 Stab: Sleeping          |     8 |     4 ||    12
Armor: Skin              |     6 |     2 ||     8
Dodge: Dodged            |    42 |    22 ||    64
